 Dungeon Crawl Stone Soup version 0.30-a0-739-gea05faddec (webtiles) character file.

Game seed: 14815422562839624405

96 kingofthe the Chopper (level 4, -1/41 HPs)
             Began as a Gnoll Chaos Knight on Feb 4, 2023.
             Was a Plaything of Xom.
             Slain by Ijyb
             ... wielding a +0 dagger
              (2 damage)
             ... on level 3 of the Dungeon.
             The game lasted 00:04:19 (1468 turns).

kingofthe the Chopper (Gnoll Chaos Knight)          Turns: 1468, Time: 00:04:19

Health: -1/41      AC:  5    Str: 14    XL:     4   Next: 67%
Magic:  5/5        EV: 12    Int: 17    God:    Xom [..*...]
Gold:   189        SH:  0    Dex: 11    Spells: 5/5 levels left

rFire   . . .      SeeInvis .    a - +0 hand axe (chaos)
rCold   . . .      Faith    .    (no shield)
rNeg    . . .      Spirit   .    v - +2 leather armour
rPois   .          Reflect  .    (no helmet)
rElec   .          Harm     .    j - scarf {+Inv}
rCorr   .          Rampage  .    (no gloves)
Will    .....                    (no boots)
Stlth   +                        (no amulet)
HPRegen 0.26/turn                g - +6 ring of intelligence
MPRegen 0.09/turn                (no ring)

@: no status effects
A: fangs 1, strong nose, distributed training
a: Renounce Religion, Evoke Invisibility


You were on level 3 of the Dungeon.
You worshipped Xom.
You were a toy of Xom.
You visited 1 branch of the dungeon, and saw 3 of its levels.

You collected 189 gold pieces.

Inventory:

Hand Weapons
 a - a +0 hand axe of chaos (weapon)
 b - a +2 dagger of venom
 k - a +0 spear
Armour
 e - a scarf of harm
 j - a scarf of invisibility (worn)
 v - a +2 leather armour (worn)
Jewellery
 g - a +6 ring of intelligence (left hand)
Scrolls
 d - 3 scrolls of teleportation {unknown}
 f - 5 scrolls of identify {unknown}
 i - 2 scrolls of noise {unknown}
 n - a scroll of silence {unknown}
 q - a scroll of magic mapping {unknown}
 s - a scroll of fog {unknown}
 u - a scroll of poison {unknown}
Potions
 h - 2 potions of heal wounds {unknown}
 l - a potion of resistance {unknown}
 m - a potion of invisibility {unknown}
 o - 2 potions of ambrosia {unknown}
 p - a potion of haste {unknown}
 r - a potion of lignification {unknown}
 t - 2 potions of curing {unknown}
 w - a potion of mutation {unknown}
 x - a potion of brilliance {unknown}
Miscellaneous
 c - a piece from Xom's chessboard (15/15) (quivered)


   Skills:
 + Level 6.6 Fighting
 + Level 1.2 Short Blades
 + Level 1.2 Long Blades
 + Level 6.6 Axes
 + Level 1.2 Maces & Flails
 + Level 1.2 Polearms
 + Level 1.2 Staves
 + Level 1.2 Ranged Weapons
 + Level 1.2 Throwing
 + Level 4.7 Armour
 + Level 2.8 Dodging
 + Level 1.2 Stealth
 + Level 1.2 Shields
 + Level 1.2 Unarmed Combat
 + Level 1.2 Spellcasting
 + Level 1.0 Conjurations
 + Level 1.0 Hexes
 + Level 1.0 Summonings
 + Level 1.0 Necromancy
 + Level 1.0 Translocations
 + Level 1.0 Transmutations
 + Level 1.0 Fire Magic
 + Level 1.0 Ice Magic
 + Level 1.0 Air Magic
 + Level 1.0 Earth Magic
 + Level 1.0 Poison Magic
 + Level 1.4 Invocations
 + Level 1.2 Evocations


You had 5 spell levels left.
You didn't know any spells.
Your spell library was empty.

Dungeon Overview and Level Annotations

Branches:
Dungeon (3/15)

Altars:
Hepliaklqana

Annotations:
D:3 Ijyb, Natasha


Innate Abilities, Weirdness & Mutations

You have very sharp teeth.
Your uncanny sense of smell can sniff out nearby items.
Your experience applies equally to all skills.


Message History

You are too injured to fight recklessly!
You are too injured to fight recklessly!
You are too injured to fight recklessly!
You hit Ijyb. You burn Ijyb.
Ijyb is lightly wounded.
Ijyb misses you. Ijyb hits you with a +0 dagger!
* * * LOW HITPOINT WARNING * * *
You hit Ijyb but do no damage.
Ijyb is poisoned.
Ijyb is lightly wounded.
Ijyb barely misses you.
You closely miss Ijyb.
Ijyb is lightly wounded.
Ijyb closely misses you. Ijyb barely misses you.
You closely miss Ijyb.
Ijyb is lightly wounded.
Ijyb hits you with a +0 dagger.
* * * LOW HITPOINT WARNING * * *
You hit Ijyb. You freeze Ijyb. You bite Ijyb, but do no damage.
Ijyb is moderately wounded.
Ijyb hits you with a +0 dagger.
* * * LOW HITPOINT WARNING * * *
Ijyb barely misses you.
You hit Ijyb. You freeze Ijyb. You bite Ijyb, but do no damage.
Ijyb is severely wounded.
Ijyb closely misses you.
You hit Ijyb.
Ijyb seems to speed up.
Ijyb is severely wounded.
Ijyb barely misses you. Ijyb hits you but does no damage.
You closely miss Ijyb.
Ijyb is severely wounded.
Ijyb hits you but does no damage.
You barely miss Ijyb.
Ijyb is severely wounded.
Ijyb hits you with a +0 dagger.
* * * LOW HITPOINT WARNING * * *
Ijyb closely misses you.
You closely miss Ijyb.
Ijyb is almost dead.
Ijyb hits you with a +0 dagger.
You die...

#.....##'##.....#
#..8.##...##.8..#
#...##)....##...#
#..##....#####..#
#.##....## ##.#
#.#..)..#.. #.#
#(#.._..#.._ #.###
#.#.....#.....#...#
##.##⌠.⌠##....##@#.#
#...#####....##.g#...
#....## #.... ##.)
#...8.## #.8.... ..
#......#####.....###
# #................#
#.....########.###
###...### #. # ##
###...## .##
#.######.


You could see Ijyb (berserk, fast, strong, poisoned).

Vanquished Creatures
  Jessica (D:3)
  2 adders (D:2)
  A dart slug (D:1)
  3 endoplasms (D:1)
  3 giant cockroaches
  3 goblins (D:3)
  4 hobgoblins
  2 jackals (D:1)
  3 kobolds (D:2)
  2 quokkas
  8 ball pythons
  6 bats
  3 frilled lizards
  5 rats
46 creatures vanquished.

Vanquished Creatures (collateral kills)
  A bat (D:1)
  3 ball pythons (D:1)
4 creatures vanquished.

Vanquished Creatures (others)
  An endoplasm (D:1)
1 creature vanquished.

Grand Total: 51 creatures vanquished

Notes
Turn   | Place    | Note
-------+----------+-------------------------------------------
     0 | D:1      | kingofthe the Gnoll Chaos Knight began the quest for the
                  | Orb.
     0 | D:1      | Reached XP level 1. HP: 23/23 MP: 1/1
    47 | D:1      | Reached XP level 2. HP: 27/29 MP: 2/2
   104 | D:1      | XOM: silly message
   316 | D:1      | Reached XP level 3. HP: 35/35 MP: 3/3
   416 | D:1      | XOM: silly message
   487 | D:1      | XOM: divination: detect creatures
   679 | D:2      | Reached skill level 1 in Invocations
   756 | D:2      | Reached skill level 1 in Short Blades
   756 | D:2      | Reached skill level 1 in Long Blades
   756 | D:2      | Reached skill level 1 in Maces & Flails
   756 | D:2      | Reached skill level 1 in Polearms
   756 | D:2      | Reached skill level 1 in Staves
   756 | D:2      | Reached skill level 1 in Ranged Weapons
   756 | D:2      | Reached skill level 1 in Throwing
   756 | D:2      | Reached skill level 1 in Stealth
   756 | D:2      | Reached skill level 1 in Shields
   756 | D:2      | Reached skill level 1 in Unarmed Combat
   756 | D:2      | Reached skill level 1 in Spellcasting
   756 | D:2      | Reached skill level 1 in Evocations
   810 | D:2      | Reached XP level 4. HP: 41/41 MP: 5/5
   816 | D:2      | XOM: silly message
  1109 | D:2      | XOM: divination: detect creatures
  1330 | D:3      | Noticed Jessica
  1331 | D:3      | XOM: divination: detect items
  1340 | D:3      | Killed Jessica
  1341 | D:3      | Reached skill level 1 in Conjurations
  1341 | D:3      | Reached skill level 1 in Hexes
  1341 | D:3      | Reached skill level 1 in Summonings
  1341 | D:3      | Reached skill level 1 in Necromancy
  1341 | D:3      | Reached skill level 1 in Translocations
  1341 | D:3      | Reached skill level 1 in Transmutations
  1341 | D:3      | Reached skill level 1 in Fire Magic
  1341 | D:3      | Reached skill level 1 in Ice Magic
  1341 | D:3      | Reached skill level 1 in Air Magic
  1341 | D:3      | Reached skill level 1 in Earth Magic
  1341 | D:3      | Reached skill level 1 in Poison Magic
  1432 | D:3      | Found a faded altar of an unknown god.
  1435 | D:3      | Found a hazy altar of Hepliaklqana.
  1435 | D:3      | Noticed Natasha
  1451 | D:3      | Noticed Ijyb
  1463 | D:3      | HP: 1/41 [Ijyb/+0 dagger (6)]
  1468 | D:3      | Slain by Ijyb

Illustrated notes

Levels and vault maps discovered:
D:1:      dpeg_arrival_orchard, layout_rooms
D:2:      layout_loops_ring
D:3:      layout_rooms, nicolae_overflow_ecumenical_swirl, uniq_ijyb,
          uniq_jessica, uniq_natasha

Skill      XL: |  1  2  3  4 |
---------------+-------------+-----
Invocations    | 1 |  1.4
Short Blades   | 1 |  1.2
Long Blades    | 1 |  1.2
Maces & Flails | 1 |  1.2
Polearms       | 1 |  1.2
Staves         | 1 |  1.2
Ranged Weapons | 1 |  1.2
Throwing       | 1 |  1.2
Stealth        | 1 |  1.2
Shields        | 1 |  1.2
Unarmed Combat | 1 |  1.2
Spellcasting   | 1 |  1.2
Evocations     | 1 |  1.2
Conjurations   | 1 |  1.0
Hexes          | 1 |  1.0
Summonings     | 1 |  1.0
Necromancy     | 1 |  1.0
Translocations | 1 |  1.0
Transmutations | 1 |  1.0
Fire Magic     | 1 |  1.0
Ice Magic      | 1 |  1.0
Air Magic      | 1 |  1.0
Earth Magic    | 1 |  1.0
Poison Magic   | 1 |  1.0
Fighting       | |  6.6
Axes           | |  6.6
Armour         | |  4.7
Dodging        | |  2.8

Action                     |  1- 3 |  4- 6 || total
---------------------------+-------+-------++-------
  Melee: Hand axe          |    77 |    44 ||   121
         Bite              |     6 |     6 ||    12
   Stab: Distracted        |     1 |       ||     1
         Sleeping          |     1 |     3 ||     4
 Armour: Leather armour    |    19 |     6 ||    25
  Dodge: Dodged            |    57 |    21 ||    78

Table legend: (Time is in decaauts)
 A = Elapsed time spent in this place.
 B = Non-inter-level travel time spent in this place.
 C = Inter-level travel time spent in this place.
 D = Time resting spent in this place.
 E = Time spent auto-exploring this place.
 F = Levels seen in this place.
 G = Mean time per level.
                   A        B        C        D        E       F      G
               +--------+--------+--------+--------+--------+-----+--------+
         Total |   1465 |   1359 |    106 |      0 |   1031 |   3 |  488.3 |
       Dungeon |   1465 |   1359 |    106 |      0 |   1031 |   3 |  488.3 |
               +--------+--------+--------+--------+--------+-----+--------+

Top non-repeatable levels by time:
     D:2: 682 daAuts
     D:1: 539 daAuts
     D:3: 244 daAuts
